 Dungeon Crawl Stone Soup version 0.31-a0-142-g31f6795574 (webtiles) character file.

Game seed: 5565099873396820349

25 Ge0ff the Sneak (level 3, -2/26 HPs)
             Began as an Octopode Delver on June 3, 2023.
             Slain by a hound (5 damage)
             ... on level 5 of the Dungeon.
             The game lasted 00:01:12 (79 turns).

Ge0ff the Sneak (Octopode Delver)                     Turns: 79, Time: 00:01:13

Health: -2/26      AC:  1    Str: 11    XL:     3   Next: 6%
Magic:  3/3        EV: 13    Int: 12    God:
Gold:   0          SH:  0    Dex: 15    Spells: 2/2 levels left

rFire   . . .        a - +0 short sword
rCold   . . .        (no shield)
rNeg    . . .        (helmet restricted)
rPois   .            (no amulet)
rElec   .            (no ring)
rCorr   .            (no ring)
SInv    .            (no ring)
Will    .....        (no ring)
Stlth   ++++         (no ring)
HPRegen 0.24/turn    (no ring)
MPRegen 0.08/turn    (no ring)
                     (no ring)

%: no passive effects
@: no status effects
A: almost no armour, amphibious, 8 rings, camouflage 1, gelatinous body 1,
(nimble swimmer 1), tentacles
a: no special abilities


You were on level 5 of the Dungeon.
You visited 1 branch of the dungeon, and saw 2 of its levels.
You also visited: Ossuary.

Inventory:

Hand Weapons
 a - a +0 short sword (weapon)
Wands
 d - a wand of digging (3)
Scrolls
 E - a scroll of fear
 F - a scroll of fog
Potions
 H - a potion of haste {!q}


   Skills:
 - Level 3.0 Fighting
 + Level 3.4 Short Blades
 - Level 2.0 Dodging
 - Level 6.6 Stealth


You had 2 spell levels left.
You didn't know any spells.
Your spell library was empty.

Dungeon Overview and Level Annotations

Branches:
Dungeon (6/15) Zot: 11947 Ossuary (visited)
 Temple: D:4-7

Altars:


Innate Abilities, Weirdness & Mutations

You cannot wear most types of armour.
You are amphibious.
You can wear up to eight rings at the same time.
Your skin changes colour to match your surroundings (Stealth+).
Your rubbery body absorbs attacks. (AC +1, EV +1)
((You are camouflaged when in or above water. (Stealth+)))
You have tentacles for arms and can constrict up to eight enemies at once.


Message History

You constrict the gnoll zombie. You constrict the hobgoblin zombie.
You constrict the gnoll zombie. x2; The gnoll zombie hits you.
* * * LOW HITPOINT WARNING * * *
The gnoll zombie hits you.
* * * LOW HITPOINT WARNING * * *
The gnoll zombie hits you but does no damage.
The hobgoblin zombie closely misses you.
The goblin zombie barely misses you.
You release your grip on the elf zombie.
You release your grip on the goblin zombie.
You release your grip on the gnoll zombie.
You release your grip on the hobgoblin zombie.
You release your grip on the gnoll zombie. x2
A mummy comes into view.
The gnoll zombie closely misses you. The elf zombie misses you.
The hobgoblin zombie closely misses you.
Found a gate leading back out of this place.
There is a gate leading back out of this place here.
You hear the sound of rushing water.
There is an entrance to a sewer on this level.
Hurry and find it before the portal rusts away!
You hear the slow rusting of a very distant drain.
There is a collapsed entrance here.
Unknown command.
Unknown command.
A black bear comes into view.
You see here a +0 robe.
A hound comes into view.
The hound barks!
You hear a shout!
You hit the hound. You grab the hound.
The hound is lightly wounded.
You constrict the hound. The hound bites you.
* * * LOW HITPOINT WARNING * * *
You hit the hound.
The hound is heavily wounded.
You constrict the hound. The hound bites you.
* * * LOW HITPOINT WARNING * * *
You hit the hound but do no damage.
The hound is heavily wounded.
You constrict the hound, but do no damage.
The hound barely misses you.
You hit the hound.
The hound is severely wounded.
You constrict the hound. The hound bites you.
* * * LOW HITPOINT WARNING * * *
You hit the hound.
You squeeze the hound, but do no damage.
The hound is almost dead.
You constrict the hound. The hound barely misses you. The hound bites you.
You die...

,**,,****,,~~~*,,,,,,,,,,,*
<,,,,,,,,..≈≈...*********,*
,**,,****~.~~...* *,* ,**,,*
*~~~≈...* *###,******* ,**,,*
*..~≈~.~* *###....,,,,,,*
,**,,*
*..~~~..**#.......,,,,,>,
*,,,,*
*..~~..~##...#.##.##***,*
******
*..~~~~h#.#.#..##...,,,,, *
*..~.~~.@..........###### *
*..~≈...#.##...##..#....#
******
*.~.~...##.#.#.###.###..#
*,,,,*
*..~~...*##..#..........#
****<* *#~.~~.#*
##[#####.###..# *
*,****#.≈≈~#* #.......#....# *
*,,,,,..≈≈.,##**#######.######
*,****##≈≈#,,.,* #.h.....
****,* *~****#.########.######


You could see a hound.

Vanquished Creatures
  An iguana (D:6)
  A goblin zombie (D:5)
  A hobgoblin zombie (Ossuary)
  A jackal zombie (Ossuary)
  A quokka zombie (D:5)
5 creatures vanquished.

Notes
Turn   | Place    | Note
-------+----------+-------------------------------------------
     0 | D:5      | Ge0ff the Octopode Delver began the quest for the Orb.
     0 | D:5      | Reached XP level 1. HP: 16/16 MP: 1/1
     1 | D:6      | Noticed an iguana
     2 | D:6      | Killed an iguana
     3 | D:6      | Reached XP level 2. HP: 21/21 MP: 2/2
    17 | D:5      | Found a sand-covered staircase.
    25 | D:5      | Reached XP level 3. HP: 26/26 MP: 3/3
    33 | Ossuary  | Entered an ossuary
    62 | D:5      | Noticed a black bear
    79 | D:5      | Slain by a hound

Illustrated notes

Levels and vault maps discovered:
D:5:      layout_loops_ring, serial_rivers, chequers_serial_rivers_room_b,
          chequers_serial_rivers_small_3, chequers_serial_rivers_micro_b,
          chequers_serial_rivers_room_a, chequers_serial_rivers_room_b,
          chequers_serial_rivers_small_b, gup_sewer_entry_spiral,
          enter_ossuary_4
D:6:      layout_basic, overflow_temple_1_default

Skill      XL: |  1 |
---------------+----+-----
Short Blades   | 3 |  3.4
Fighting       | |  3.0
Dodging        | |  2.0
Stealth        | |  6.6

Action                     || total
---------------------------++-------
  Melee: Short sword       ||    20
         Constrict         ||    10
         Tentacles         ||     5
    Use: Scroll            ||     1
   Stab: Sleeping          ||     2
 Armour: Skin              ||     3
  Dodge: Dodged            ||    17

Table legend: (Time is in decaauts)
 A = Elapsed time spent in this place.
 B = Non-inter-level travel time spent in this place.
 C = Inter-level travel time spent in this place.
 D = Time resting spent in this place.
 E = Time spent auto-exploring this place.
 F = Levels seen in this place.
 G = Mean time per level.
                   A        B        C        D        E       F      G
               +--------+--------+--------+--------+--------+-----+--------+
         Total |     75 |     75 |      0 |      0 |      0 |   3 |   25.0 |
       Dungeon |     52 |     52 |      0 |      0 |      0 |   2 |   26.0 |
       Ossuary |     23 |     23 |      0 |      0 |      0 |   1 |   23.0 |
               +--------+--------+--------+--------+--------+-----+--------+

Top non-repeatable levels by time:
     D:5: 49 daAuts
 Ossuary: 23 daAuts
     D:6: 2 daAuts
